 Dungeon Crawl Stone Soup version 0.29.1 (webtiles) character file.

Game seed: 12563373013505396062

22191 RascalDebosk the Severer (level 12, -14/168 HPs)
             Began as a Minotaur Berserker on Sept 13, 2022.
             Was a High Priest of Trog.
             Demolished by an ironbound frostheart (30 damage)
             ... in an ice cave.
             The game lasted 01:20:32 (9922 turns).

RascalDebosk the Severer (Minotaur Berserker)       Turns: 9922, Time: 01:20:34

Health: -14/168    AC: 18    Str: 23    XL:     12   Next: 60%
Magic:  0/11       EV:  9    Int:  6    God:    Trog [*****.]
Gold:   674        SH:  0    Dex: 15    Spells: 11/11 levels left

rFire   . . .      SeeInvis .   N - +0 battleaxe (flame)
rCold   . . .      Faith    .   (shield currently unavailable)
rNeg    + . .      Spirit   +   s - +1 chain mail of Exclusion {rN+ Regen+ Str-3 Stlth+}
rPois   .          Reflect  .   (helmet restricted)
rElec   .          Harm     .   e - +0 cloak
rCorr   .          Rampage  .   (no gloves)
Will    .....                   H - +2 pair of boots
Stlth   ..........              x - amulet of guardian spirit
HPRegen 1.18/turn               w - ring of Suicidal Tendencies {+Blink Dex+6}
MPRegen 0.12/turn               B - ring of flight

@: berserking, frozen, flying, quick
A: horns 2, retaliatory headbutt
a: Renounce Religion, Evoke Blink, Berserk, Trog's Hand, Brothers in Arms


You were in an ice cave.
You worshipped Trog.
Trog was extremely pleased with you.
You visited 2 branches of the dungeon, and saw 12 of its levels.
You also visited: Ice Cave.

You collected 674 gold pieces.

Inventory:

Hand Weapons
 p - a +2 spectral war axe
 N - a +0 battleaxe of flaming (weapon)
Missiles
 b - 26 poisoned darts
 v - 12 boomerangs
 L - 4 throwing nets
 M - a curare-tipped dart
Armour
 e - a +0 cloak (worn)
 n - +0 steam dragon scales
 s - the +1 chain mail of Exclusion (worn) {rN+ Regen+ Str-3 Stlth+}
   (You found it on level 3 of the Dungeon)

   Str:       It affects your strength (-3).
   rN:        It protects you from negative energy.
   Regen:     It increases your rate of health regeneration.
   Stlth:     It makes you more stealthy.
 D - a +0 buckler
 H - a +2 pair of boots (worn)
Jewellery
 l - a +4 ring of protection
 u - a ring of protection from fire
 w - the ring of Suicidal Tendencies (left hand) {+Blink Dex+6}
   (You found it on level 6 of the Dungeon)

   [ring of dexterity]

   Dex:       It affects your dexterity (+6).
   +Blink:    It lets you blink.
 x - an amulet of guardian spirit (around neck)
 B - a ring of flight (right hand)
 E - a ring of positive energy
 K - an amulet of magic regeneration
Wands
 d - a wand of mindburst (5)
 k - a wand of light (18)
 m - a wand of flame (35)
 C - a wand of paralysis (8) (quivered)
 J - a wand of polymorph (5)
Scrolls
 f - 3 scrolls of teleportation
 g - 3 scrolls of magic mapping
 h - a scroll of vulnerability
 q - a scroll of torment
 y - 2 scrolls of butterflies
 I - a scroll of poison
 P - a scroll of fear
 R - a scroll of silence
Potions
 a - 2 potions of berserk rage
 c - 2 potions of heal wounds
 i - 4 potions of curing
 j - a potion of haste
 o - 5 potions of might
 r - 4 potions of lignification
 t - a potion of resistance
 z - 2 potions of cancellation {unknown}
 A - a potion of brilliance {unknown}
 F - 2 potions of flight {unknown}
 O - a potion of mutation {unknown}
 Q - a potion of ambrosia {unknown}
Miscellaneous
 G - a tin of tremorstones (2/2)


   Skills:
 + Level 12.0 Fighting
 + Level 15.4 Axes
 + Level 9.6 Throwing
 + Level 11.7 Armour
 - Level 2.1 Dodging
 + Level 8.8 Evocations


You had 11 spell levels left.
You didn't know any spells.
Your spell library was empty.

Dungeon Overview and Level Annotations

Branches:
Dungeon (11/15)            Temple (1/1) D:6            Lair (0/5) D:10
    Orc (0/2) D:10          IceCv (1/1)

Altars:
Ashenzari
Cheibriados
Dithmenos
Elyvilon
Fedhas
Gozag
Hepliaklqana
Kikubaaqudgha
Makhleb
Nemelex Xobeh
Okawaru
Qazlal
Ru
Sif Muna
Trog
Uskayaw
Vehumet
Wu Jian
Xom
Yredelemnul
Zin
The Shining One

Shops:
D:3 =   D:5 :   D:10 [

Annotations:
D:9 exclusion: oklob plant
D:10 Lodul


Innate Abilities, Weirdness & Mutations

You have a pair of horns on your head.
You reflexively headbutt those who attack you in melee.


Message History

A red film seems to cover your vision as you go berserk!
You feel yourself moving faster!
You feel mighty! The death yak gores you.
You slice the death yak!! You burn the death yak. You headbutt the death yak.
The death yak is severely wounded.
The death yak gores you!
You barely miss the death yak. You headbutt the death yak.
The death yak is almost dead.
You hit the death yak but do no damage. Your headbutt misses the death yak.
The death yak is almost dead.
The death yak gores you!
The ironbound frostheart calls freezing cold from the walls.
The frost grips you!!
You are encased in ice.
You open the death yak like a pillowcase!!!
You burn the death yak.
You kill the death yak!
Trog accepts your kill.
You barely miss the ironbound frostheart.
You slash the ironbound frostheart! You burn the ironbound frostheart.
The ironbound frostheart is moderately wounded.
The ironbound frostheart touches you. The ironbound frostheart freezes you!!
You hit the ironbound frostheart. You burn the ironbound frostheart.
The ironbound frostheart is moderately wounded.
You closely miss the ironbound frostheart.
The ironbound frostheart is moderately wounded.
The ice encasing you melts away.
The ironbound frostheart calls freezing cold from the walls.
The frost grips you!!
* * * LOW HITPOINT WARNING * * *
You are encased in ice.
The ironbound frostheart calls freezing cold from the walls.
The frost grips you!!
* * * LOW HITPOINT WARNING * * *
You slice the ironbound frostheart!! You burn the ironbound frostheart.
You headbutt the ironbound frostheart!
The ironbound frostheart is almost dead.
The ironbound frostheart touches you!
* * * LOW HITPOINT WARNING * * *
The ironbound frostheart freezes you!!
You die...

○§§#### #[ ☼§..#§#
.$ ..##.†##### .###
######....### .hh##
#.†.†#...## hY..#
#.....####..###.p.#
#.....#####..##Y.h#
...### ##...##pp###
..# #.....###@.# ##
##[.[#.#.##.#
######.## ≈# ### #


You could see a death yak and 2 ironbound frosthearts.

Vanquished Creatures
  Josephine (D:10)
  Harold (D:10)
  A two-headed ogre (D:9)
  A death yak (IceCv)
  An ugly thing (D:11)
  2 cyclopes
  Joseph (D:10)
  An ice statue (IceCv)
  2 unseen horrors
  Maggie (D:9)
  An efreet (D:11)
  2 rime drakes (D:11)
  A troll (D:7)
  13 polar bears (IceCv)
  A raiju (shapeshifter) (D:10)
  Grinder (D:6)
  A vampire (D:10)
  2 wyverns
  35 yaks
  3 wraiths (D:10)
  A basilisk (D:8)
  A steam dragon (D:5)
  3 wargs (D:10)
  Edmund (D:6)
  Menkaure (D:7)
  A water moccasin (D:8)
  2 acid dragons
  7 orc warriors
  A swamp drake (D:10)
  A sky beast (D:7)
  3 black bears
  2 ogres (D:5)
  9 wolves (IceCv)
  3 centaurs
  3 kobold brigands
  A phantom (D:5)
  Blork the orc (D:6)
  5 bullfrogs
  2 gnoll sergeants
  A necrophage (D:5)
  4 scorpions
  3 wights (D:8)
  9 killer bees
  4 howler monkeys
  3 hounds
  A jelly (D:4)
  10 orc priests
  3 iguanas
  13 orc wizards
  A gnoll bouda (D:6)
  9 gnolls
  10 adders
  3 ufetubi
  2 worms
  53 orcs
  5 ball pythons
  7 bats
  11 endoplasms
  4 giant cockroaches
  7 goblins
  8 hobgoblins
  25 kobolds
  4 quokkas
  3 frilled lizards
  9 rats
332 creatures vanquished.

Vanquished Creatures (collateral kills)
  A two-headed ogre (D:11)
  A manticore (D:11)
2 creatures vanquished.

Vanquished Creatures (others)
  3 plants
3 creatures vanquished.

Grand Total: 337 creatures vanquished

Notes
Turn   | Place    | Note
-------+----------+-------------------------------------------
     0 | D:1      | RascalDebosk the Minotaur Berserker began the quest for the
                  | Orb.
     0 | D:1      | Reached XP level 1. HP: 19/19 MP: 0/0
   183 | D:1      | Reached XP level 2. HP: 13/27 MP: 1/1
   393 | D:1      | Found a faded altar of an unknown god.
   903 | D:2      | Reached skill level 4 in Axes
   903 | D:2      | Reached skill level 1 in Throwing
   903 | D:2      | Reached XP level 3. HP: 33/33 MP: 2/2
   906 | D:2      | Reached ** piety under Trog
   910 | D:2      | Reached skill level 1 in Evocations
  2119 | D:3      | Reached XP level 4. HP: 40/40 MP: 3/3
  2208 | D:3      | Reached XP level 5. HP: 42/47 MP: 4/4
  2221 | D:3      | Identified the +1 chain mail of Exclusion {rN+ Regen+ Str-3
                  | Stlth+}
  2477 | D:3      | Found a glowing silver altar of Zin.
  2570 | D:3      | Reached *** piety under Trog
  2637 | D:3      | Found Musavy's One-of-a-Kind Rings.
  2863 | D:4      | Found a stormy altar of Qazlal.
  2865 | D:4      | Noticed a fire elemental
  2876 | D:4      | Reached XP level 6. HP: 45/55 MP: 5/5
  2908 | D:4      | Reached skill level 5 in Axes
  3072 | D:4      | Identified a scroll of acquirement
  3072 | D:4      | Acquired a manual of Axes
  3130 | D:4      | Reached skill level 5 in Fighting
  3219 | D:4      | Found a burning altar of Makhleb.
  3347 | D:4      | Noticed an air elemental
  3347 | D:4      | Noticed a water elemental
  3373 | D:5      | Entered Level 5 of the Dungeon
  3538 | D:5      | Reached XP level 7. HP: 55/61 MP: 6/6
  3540 | D:5      | Reached skill level 6 in Axes
  3678 | D:5      | Noticed a steam dragon
  3687 | D:5      | Killed a steam dragon
  3688 | D:5      | Reached skill level 5 in Armour
  3930 | D:5      | Reached skill level 7 in Axes
  3954 | D:5      | Reached XP level 8. HP: 70/70 MP: 7/7
  4088 | D:5      | Found Awudghom's Book Shop.
  4351 | D:5      | Found a shimmering blue altar of Sif Muna.
  4509 | D:6      | Noticed Blork the orc
  4520 | D:6      | Killed Blork the orc
  4521 | D:6      | Identified the ring of Suicidal Tendencies {+Blink Dex+6}
  4576 | D:6      | Found a staircase to the Ecumenical Temple.
  4589 | Temple   | Entered the Ecumenical Temple
  4759 | D:6      | Noticed Grinder
  4766 | D:6      | Paralysed by Grinder for 4 turns
  4771 | D:6      | Killed Grinder
  4772 | D:6      | Found a hide-covered altar of Uskayaw.
  4874 | D:6      | Noticed Edmund
  4884 | D:6      | Reached skill level 8 in Axes
  4886 | D:6      | Killed Edmund
  5337 | D:7      | Noticed a troll
  5348 | D:7      | Killed a troll
  5349 | D:7      | Reached skill level 9 in Axes
  5412 | D:7      | Reached skill level 5 in Throwing
  5412 | D:7      | Reached XP level 9. HP: 77/79 MP: 6/8
  5507 | D:7      | Found a broken altar of Ashenzari.
  5698 | D:7      | Found a radiant altar of Vehumet.
  5754 | D:7      | Noticed Menkaure
  5760 | D:7      | Killed Menkaure
  5984 | D:8      | Reached skill level 5 in Evocations
  5996 | D:8      | Reached skill level 10 in Axes
  6177 | D:8      | Noticed a cyclops
  6190 | D:8      | Killed a cyclops
  6202 | D:8      | Reached skill level 11 in Axes
  6202 | D:8      | Reached XP level 10. HP: 90/90 MP: 9/9
  6936 | D:9      | Reached **** piety under Trog
  6951 | D:9      | Noticed Maggie
  6963 | D:9      | Killed Maggie
  7104 | D:9      | Reached skill level 12 in Axes
  7159 | D:9      | Noticed a two-headed ogre
  7191 | D:9      | Killed a two-headed ogre
  7536 | D:9      | Reached XP level 11. HP: 49/99 MP: 2/10
  7753 | D:9      | Found a blossoming altar of Fedhas.
  7774 | D:9      | Noticed an oklob plant
  8026 | D:10     | Entered Level 10 of the Dungeon
  8026 | D:10     | Noticed Joseph
  8034 | D:10     | Killed Joseph
  8035 | D:10     | Reached skill level 10 in Fighting
  8035 | D:10     | Reached skill level 13 in Axes
  8104 | D:10     | Found a staircase to the Lair.
  8265 | D:10     | Found Xion's Antique Armour Boutique.
  8321 | D:10     | Found a shimmering altar of Xom.
  8321 | D:10     | Found a shimmering altar of Xom.
  8322 | D:10     | Found a shimmering altar of Xom.
  8322 | D:10     | Noticed Lodul
  8323 | D:10     | Found a shimmering altar of Xom.
  8324 | D:10     | Found a shimmering altar of Xom.
  8324 | D:10     | Found a shimmering altar of Xom.
  8325 | D:10     | Found a shimmering altar of Xom.
  8332 | D:10     | Reached skill level 10 in Armour
  8555 | D:10     | Found a staircase to the Orcish Mines.
  8673 | D:10     | Noticed Harold
  8673 | D:10     | Noticed Josephine
  8691 | D:10     | Killed Josephine
  8696 | D:10     | Killed Harold
  8697 | D:10     | Reached skill level 14 in Axes
  8901 | D:11     | Noticed a green ugly thing
  8908 | D:11     | Noticed a two-headed ogre
  8909 | D:11     | Killed a green ugly thing
  8924 | D:11     | Killed a two-headed ogre
  9286 | D:11     | Found a frozen archway.
  9293 | D:11     | Reached XP level 12. HP: 91/110 MP: 7/11
  9302 | IceCv    | Entered an ice cave
  9493 | IceCv    | Reached skill level 15 in Axes
  9503 | IceCv    | Reached ***** piety under Trog
  9909 | IceCv    | Noticed a death yak
  9909 | IceCv    | Noticed an ironbound frostheart
  9909 | IceCv    | Noticed an ironbound frostheart
  9909 | IceCv    | Noticed a death yak
  9917 | IceCv    | Killed a death yak
  9922 | IceCv    | Demolished by an ironbound frostheart

Illustrated notes

Levels and vault maps discovered:
D:1:      minmay_arrival_plants_in_alcoves, layout_loops_cross,
          ebering_ecumenical_altar_ruins
D:2:      layout_loops_corners, st_stairs_9, chequers_big_river
D:3:      layout_basic, mainiacjoe_overflow_boulevard,
          nicolae_shop_unique_rings, serial_bayou_crossing
D:4:      layout_cave_pools, nicolae_qazlal_style_of_elements,
          makhleb_blood_cavern_becter
D:5:      layout_loops_corners, lemuel_blue_sif_altar, serial_shops,
          nicolae_shop_hallway_stairs
D:6:      layout_layer_cave, mainiacjoe_overflow_small_starburst,
          minmay_temple_entry_glass, uniq_edmund, uniq_blork_the_orc,
          uniq_grinder
D:7:      layout_layer_cave, overflow_temple_1_default,
          nicolae_vehumet_altar_sigil, uniq_menkaure
D:8:      minmay_razor_zed, layout_basic
D:9:      layout_long_grid, tgw_fedhas, uniq_maggie
D:10:     layout_rooms, xom_shifter_show, erik_lair_orcish_takeover, erik_orc_1,
          serial_shops, nicolae_shop_crystal, chequers_garden, uniq_lodul,
          uniq_joseph, uniq_josephine, uniq_harold
D:11:     layout_grid_maze, portal_ice_cave_rime, kennysheep_generic_room_5,
          uniq_nergalle
Temple:   nicolae_temple_ecumenical_triangle
IceCv:    ice_cave_caverns_01

Skill      XL: |  1  2  3  4  5  6  7  8  9 10 11 12 |
---------------+-------------------------------------+-----
Fighting       | 4 5 6 7 8 9 11 12 | 12.0
Axes           | 4 5 7 9 11 12 14 15 | 15.4
Throwing       | 1 2 3 5 6 7 8 9 |  9.6
Evocations     | 1 2 3 4 5 6 8 |  8.8
Armour         | 3 4 5 6 8 9 10 11 | 11.7
Dodging        | |  2.1

Action                   |  1- 3 |  4- 6 |  7- 9 | 10-12 || total
-------------------------+-------+-------+-------+-------++-------
Melee: Hand axe          |    72 |       |       |       ||    72
       Headbutt          |    14 |    11 |    19 |    81 ||   125
       War axe           |     7 |   118 |   177 |   236 ||   538
       Punch             |     1 |       |     1 |       ||     2
       Battleaxe         |       |       |       |   168 ||   168
Throw: Dart              |       |       |    16 |     9 ||    25
       Boomerang         |       |       |    15 |       ||    15
Invok: Berserk           |     1 |       |    10 |    18 ||    29
       Brothers in Arms  |       |       |       |     1 ||     1
 Abil: Evoke Blink       |       |       |       |     1 ||     1
Evoke: Wand              |       |       |       |    10 ||    10
  Use: Scroll            |       |    11 |     5 |     6 ||    22
       Potion            |       |       |       |     1 ||     1
 Stab: Paralysed         |       |       |       |     2 ||     2
       Confused          |       |       |       |     1 ||     1
Armor: Animal skin       |     3 |       |       |       ||     3
       Robe              |    19 |       |       |       ||    19
       Ring mail         |     9 |     6 |       |       ||    15
       Chain mail        |       |    59 |   109 |   237 ||   405
Dodge: Dodged            |    46 |    39 |    93 |   158 ||   336
Block: Buckler           |       |       |       |    20 ||    20
